 Dungeon Crawl Stone Soup version 0.30-a0-726-gd89dcf765f (webtiles) character file.

Game seed: 13069603037006506069

180 jimonade the Cutter (level 5, -3/26 HPs)
             Began as a Vine Stalker Gladiator on Jan 29, 2023.
             Slain by a river rat (7 damage)
             ... in a sewer.
             The game lasted 00:07:24 (2281 turns).

jimonade the Cutter (Vine Stalker Gladiator)        Turns: 2281, Time: 00:07:25

Health: -3/26      AC:  6    Str: 16    XL:     5   Next: 60%
Magic:  0/6        EV: 11    Int:  8    God:
Gold:   112        SH:  0    Dex: 18    Spells: 4/4 levels left

rFire   . . .      SeeInvis .    a - +0 rapier
rCold   . . .      Faith    .    (no shield)
rNeg    . . .      Spirit   +    p - +0 ring mail
rPois   .          Reflect  .    c - +0 helmet
rElec   .          Harm     .    (no cloak)
rCorr   +          Rampage  .    (no gloves)
Will    .....                    (no boots)
Stlth   +                        (no amulet)
HPRegen 1.04/turn                l - ring of resist corrosion
MPRegen 0.10/turn                (no ring)

@: no status effects
A: fangs 2, regeneration 1, magic shield, antimagic bite, no potion heal 2
a: no special abilities


You were in a sewer.
You visited 1 branch of the dungeon, and saw 3 of its levels.
You also visited: Sewer.

You collected 112 gold pieces.

Inventory:

Hand Weapons
 a - a +0 rapier (weapon)
 j - a +0 rapier
Missiles
 d - 2 throwing nets (quivered)
 e - a javelin
 r - 3 poisoned darts
Armour
 b - a +0 leather armour
 c - a +0 helmet (worn)
 p - a +0 ring mail (worn)
Jewellery
 l - a ring of resist corrosion (left hand)
Wands
 s - a wand of roots (1)
Scrolls
 f - 3 scrolls of vulnerability
 t - a scroll of fog
 u - 2 scrolls of identify
 v - a scroll of teleportation {unknown}
Potions
 g - a potion of curing
 h - 3 potions of berserk rage
 i - a potion of heal wounds {unknown}
 k - a potion of brilliance {unknown}
 m - a potion of haste {unknown}
 n - a potion of mutation {unknown}
 o - 2 potions of attraction {unknown}
 q - a potion of magic {unknown}


   Skills:
 - Level 1.7 Fighting
 + Level 5.5 Short Blades
 - Level 1.7 Throwing
 - Level 2.4 Dodging


You had 4 spell levels left.
You didn't know any spells.
Your spell library contained the following spells:

 Spells                   Type           Power      Damage    Failure   Level
 Slow                     Hex            0%         N/A       63%         1
 Confusing Touch          Hex            0%         N/A       94%         3
 Vampiric Draining        Necr           0%         2d6       94%         3


Dungeon Overview and Level Annotations

Branches:
Dungeon (3/15)              Sewer (1/1)

Altars:

Shops:
D:1 (   D:2 =


Innate Abilities, Weirdness & Mutations

You have extremely sharp teeth.
Your natural rate of healing is unusually fast.
When hurt, damage is shared between your health and your magic reserves.
Your bite disrupts and absorbs the magic of your enemies.
Potions cannot restore your health.


Message History

You hit the river rat but do no damage.
The river rat is lightly wounded.
The river rat bites you! x2; The river rat closely misses you.
You hit the river rat but do no damage.
The river rat is lightly wounded.
The river rat bites you. The river rat barely misses you.
The river rat closely misses you.
You closely miss the river rat.
The river rat is lightly wounded.
You hit the river rat but do no damage.
You bite the river rat, but do no damage.
The river rat is lightly wounded.
The river rat barely misses you. The river rat bites you.
The river rat bites you but does no damage.
You barely miss the river rat.
The river rat is lightly wounded.
The river rat bites you!
* * * LOW HITPOINT WARNING * * *
The river rat bites you but does no damage.
The river rat closely misses you.
You barely miss the river rat.
You bite the river rat, but do no damage.
The river rat is lightly wounded.
The river rat closely misses you.
The river rat bites you but does no damage.
The river rat bites you.
* * * LOW HITPOINT WARNING * * *
You puncture the river rat!
The river rat is severely wounded.
The river rat barely misses you. x2; The river rat bites you.
* * * LOW HITPOINT WARNING * * *
You closely miss the river rat.
You bite the river rat, but do no damage.
The river rat is severely wounded.
The river rat bites you but does no damage.
The river rat bites you. The river rat barely misses you.
You hit the river rat.
You kill the river rat!
The river rat closely misses you. The river rat bites you!
You die...

#..# #~≈~#
###..####~≈~#
#.#..#.##~≈~#
#.'..'.##~≈.#
#.'..'.##~≈~#
#..#.##.≈~# #
#..####.≈.# #~
#†r# #.≈~# #.≈
#r@# #~≈~#
#~≈~####~~####~≈~#
~~~~~~~~~~~~~~~≈~#
≈≈≈≈≈≈≈≈~†≈≈≈≈≈≈~#
.~.~~..~..~~~~~~~#
##############≈≈≈#
#≈≈≈# #≈≈≈# #≈≈≈#


You could see 2 river rats.

Vanquished Creatures
  Terence (D:3)
  Robin (D:2)
  3 gnolls (D:2)
  2 adders
  2 river rats
  3 worms
  A dart slug (D:1)
  4 orcs (D:3)
  6 ball pythons
  An endoplasm (D:2)
  13 giant cockroaches
  5 goblins (D:2)
  5 hobgoblins
  7 jackals
  4 quokkas
  8 bats
  A frilled lizard (Sewer)
  A kobold (D:2)
  4 rats
72 creatures vanquished.

Vanquished Creatures (others)
  2 plants (D:3)
2 creatures vanquished.

Grand Total: 74 creatures vanquished

Notes
Turn   | Place    | Note
-------+----------+-------------------------------------------
     0 | D:1      | jimonade the Vine Stalker Gladiator began the quest for the
                  | Orb.
     0 | D:1      | Reached XP level 1. HP: 11/11 MP: 2/2
    93 | D:1      | Reached skill level 3 in Short Blades
   101 | D:1      | Reached XP level 2. HP: 14/15 MP: 3/3
   139 | D:1      | Found Zulirodi's Antique Weapon Emporium.
   205 | D:1      | Found a faded altar of an unknown god.
   335 | D:1      | You fall into a shaft and drop 1 floor!
   430 | D:2      | Reached XP level 3. HP: 15/18 MP: 4/4
  1052 | D:2      | Found Rapnaxt's Jewellery Shop.
  1175 | D:2      | Reached skill level 4 in Short Blades
  1216 | D:2      | Noticed Robin
  1240 | D:2      | Killed Robin
  1241 | D:2      | Gained mutation: Your natural rate of healing is unusually
                  | fast. [Vine Stalker growth]
  1241 | D:2      | Reached XP level 4. HP: 16/23 MP: 3/5
  1943 | D:3      | Reached skill level 5 in Short Blades
  1961 | D:3      | Reached XP level 5. HP: 26/26 MP: 6/6
  1983 | D:3      | Noticed Terence
  2002 | D:3      | Killed Terence
  2040 | D:3      | Found a glowing drain.
  2047 | Sewer    | Entered a sewer
  2281 | Sewer    | Slain by a river rat

Illustrated notes

Levels and vault maps discovered:
D:1:      evilmike_arrival_rings, layout_rooms, ebering_ecumenical_altar_webs,
          serial_shops, shop
D:2:      minmay_roachtagon, layout_loops_corners, serial_shops, shop,
          uniq_robin
D:3:      layout_basic, lemuel_crystal_altar, cheibrodos_sewer_entry_sluice,
          serial_forest, infiniplex_forest_clump_curved,
          infiniplex_forest_lined_3, infiniplex_forest_clump_long,
          infiniplex_forest_lined_room_, infiniplex_forest_lined_corner,
          infiniplex_forest_lined_1, infiniplex_forest_straight_2,
          infiniplex_forest_lined_corner, infiniplex_forest_corner_1,
          uniq_terence
Sewer:    sewer_fruit_machine

Skill      XL: |  1  2  3  4 |
---------------+-------------+-----
Short Blades   | 3 4 5 |  5.5
Fighting       | |  1.7
Throwing       | |  1.7
Dodging        | |  2.4

Action                     |  1- 3 |  4- 6 || total
---------------------------+-------+-------++-------
  Melee: Rapier            |    78 |   148 ||   226
         Bite              |    16 |    40 ||    56
         Punch             |     2 |     2 ||     4
  Throw: Throwing net      |       |     1 ||     1
    Use: Scroll            |     3 |     5 ||     8
   Stab: Sleeping          |     1 |       ||     1
 Armour: Leather armour    |    17 |       ||    17
         Ring mail         |     7 |    70 ||    77
  Dodge: Dodged            |    42 |    99 ||   141

Table legend: (Time is in decaauts)
 A = Elapsed time spent in this place.
 B = Non-inter-level travel time spent in this place.
 C = Inter-level travel time spent in this place.
 D = Time resting spent in this place.
 E = Time spent auto-exploring this place.
 F = Levels seen in this place.
 G = Mean time per level.
                   A        B        C        D        E       F      G
               +--------+--------+--------+--------+--------+-----+--------+
         Total |   2327 |   2172 |    155 |    142 |   1308 |   4 |  581.8 |
       Dungeon |   2045 |   1890 |    155 |    142 |   1219 |   3 |  681.7 |
         Sewer |    282 |    282 |      0 |      0 |     89 |   1 |  282.0 |
               +--------+--------+--------+--------+--------+-----+--------+

Top non-repeatable levels by time:
     D:2: 1098 daAuts
     D:1: 785 daAuts
   Sewer: 282 daAuts
     D:3: 161 daAuts
